 Dungeon Crawl Stone Soup version 0.19.1-1-g22dce08 (webtiles) character file.

457 kae the Shield-Bearer (level 7, -7/55 HPs)
             Began as a Formicid Fighter on Jan 15, 2017.
             Mangled by Paps's ghost (11 damage)
             ... on level 4 of the Dungeon.
             The game lasted 00:04:40 (3774 turns).

kae the Shield-Bearer (Formicid Fighter)            Turns: 3774, Time: 00:04:40

Health: -7/55      AC:  7    Str: 23    XL:     7   Next: 27%
Magic:  7/7        EV:  8    Int:  7    God:
Gold:   275        SH: 10    Dex: 10    Spells: 0 memorised, 6 levels left

rFire  . . .     SeeInvis +     a - +0 flail
rCold  . . .     Gourm    .     b - +0 scale mail
rNeg   . . .     Faith    .     c - +0 shield
rPois  .         Spirit   .     (helmet unavailable)
rElec  .         Reflect  .     (no cloak)
rCorr  .         Harm     .     (no gloves)
MR     .....                    (no boots)
Stlth  ..........               (no amulet)
                                (no ring)
                                (no ring)

@: drained
A: permanent stasis, dig shafts and tunnels, four strong arms, antennae 3
a: Dig, Shaft Self


You were on level 4 of the Dungeon.
You were not hungry.

You visited 1 branch of the dungeon, and saw 4 of its levels.

You collected 275 gold pieces.

Inventory:

Hand Weapons
 a - a +0 flail (weapon)
Missiles
 e - a throwing net (quivered)
Armour
 b - a +0 scale mail (worn)
 c - a +0 shield (worn)
Scrolls
 d - 3 scrolls of fog
 j - a scroll of immolation
Potions
 h - a potion of resistance
 k - a potion of mutation
 l - a potion of agility {unknown}
 o - a potion of might
Books
 p - Sif Muna's Volume of Arcane Weapons
   (You found it on level 3 of the Dungeon)

   Spells                             Type                      Level
   a - Shock                          Conjuration/Air              1
Comestibles
 f - 3 bread rations
 g - 4 meat rations
 i - a beef jerky
 m - 4 chunks of flesh


   Skills:
 + Level 4.8(4.5) Fighting
 * Level 4.6(4.4) Maces & Flails
 + Level 4.7(4.4) Armour
 + Level 5.5(5.2) Shields


You had 6 spell levels left.
You didn't know any spells.

Dungeon Overview and Level Annotations

Branches:
Dungeon (4/15)
 Temple: D:4-7

Altars:
Dithmenos
Sif Muna
Uskayaw
Yredelemnul

Annotations:
D:4 Paps's ghost, amateur GrFi


Innate Abilities, Weirdness & Mutations

You are under a permanent stasis effect.
You can dig through walls and to a lower floor.
Your four strong arms can wield two-handed weapons with a shield.
You have a pair of large antennae on your head. (SInv)


Message History

Paps's ghost whispers, "Death is liberation."
Paps's ghost hits you but does no damage.
You closely miss Paps's ghost.
Paps's ghost is almost destroyed.
Paps's ghost hits you. Paps's ghost hits you!
You hit Paps's ghost but do no damage.
Paps's ghost is almost destroyed.
Paps's ghost hits you.
* * * LOW HITPOINT WARNING * * *
Your shield and scale mail prevent you from hitting Paps's ghost.
Paps's ghost is almost destroyed.
Paps's ghost hits you but does no damage.
You hit Paps's ghost.
Paps's ghost is almost destroyed.
Paps's ghost hits you!
* * * LOW HITPOINT WARNING * * *
Your shield and scale mail prevent you from hitting Paps's ghost.
Paps's ghost is almost destroyed.
Paps's ghost hits you!
You die...

### #..
#.# # #.#
##.#
#.#...
##W#.#
#.@..##.#
#.......#
#.#######
#<#
#......#
#%##.#.#
# #.#.#
#.# # #.#


You could see Paps's ghost.

Vanquished Creatures
  Sigmund (D:3)
  The ghost of Megalobster the Conjurer, a weakling DECj (D:3)
  2 orc wizards (D:3)
  An orc priest (D:3)
  Terence (D:3)
  Robin (D:2)
  6 adders
  An ooze (D:3)
  A worm (D:2)
  A leopard gecko (D:2)
  4 orcs (D:3)
  3 ball pythons
  A giant cockroach (D:1)
  19 goblins
  8 hobgoblins
  7 bats
  7 frilled lizards
  10 kobolds
  13 rats
88 creatures vanquished.

Notes
Turn   | Place    | Note
-------+----------+-------------------------------------------
     0 | D:1      | kae the Formicid Fighter began the quest for the Orb.
     0 | D:1      | Reached XP level 1. HP: 18/18 MP: 1/1
   276 | D:1      | Reached XP level 2. HP: 20/24 MP: 2/2
   305 | D:1      | Reached skill level 4 in Shields
   738 | D:1      | Reached XP level 3. HP: 26/29 MP: 3/3
  1002 | D:2      | Noticed Robin
  1242 | D:2      | Noticed a dagger
  1242 | D:2      | Noticed a dagger
  1244 | D:2      | Found a hide-covered altar of Uskayaw.
  1274 | D:2      | Killed Robin
  1274 | D:2      | Reached XP level 4. HP: 37/37 MP: 4/4
  1423 | D:2      | Found a shadowy altar of Dithmenos.
  1671 | D:2      | Found a faded altar of an unknown god.
  1671 | D:2      | Found a faded altar of an unknown god.
  1680 | D:2      | Found a faded altar of an unknown god.
  1682 | D:2      | Found a basalt altar of Yredelemnul.
  1683 | D:2      | Found a faded altar of an unknown god.
  2054 | D:3      | Noticed Terence
  2060 | D:3      | Noticed Megalobster's ghost (weakling DECj)
  2079 | D:3      | Killed Terence
  2079 | D:3      | Reached XP level 5. HP: 25/42 MP: 5/5
  2702 | D:3      | Killed Megalobster's ghost
  3195 | D:3      | Noticed Sigmund
  3288 | D:3      | Reached XP level 6. HP: 47/48 MP: 6/6
  3311 | D:3      | Killed Sigmund
  3311 | D:3      | Reached skill level 5 in Shields
  3493 | D:3      | Reached XP level 7. HP: 51/55 MP: 7/7
  3593 | D:3      | Found a deep blue altar of Sif Muna.
  3671 | D:3      | Identified Sif Muna's Volume of Arcane Weapons
  3750 | D:4      | Noticed Paps's ghost (amateur GrFi)
  3774 | D:4      | Mangled by Paps's ghost

Skill      XL: |  1  2  3  4  5  6 |
---------------+-------------------+-----
Shields        | 4 5 |  5.5
Maces & Flails | 3 4 |  4.6
Fighting       | 4 |  4.8
Armour         | 4 |  4.7

Action                   |  1- 3 |  4- 6 |  7- 9 || total
-------------------------+-------+-------+-------++-------
Melee: Flail             |   165 |   186 |    55 ||   406
 Abil: Dig               |     2 |     2 |     2 ||     6
  Use: Scroll            |     2 |     5 |       ||     7
       Potion            |       |     2 |     1 ||     3
  Eat: Chunk             |     2 |     7 |     2 ||    11
Armor: Scale mail        |    66 |    61 |    26 ||   153
Dodge: Dodged            |    66 |    52 |    20 ||   138
Block: Shield            |    82 |    92 |    20 ||   194
